[Event "Titled Tuesday Blitz March 08 Early 2022"]
[White "Petrovic, Aleksa"]
[Black "Zaichenko, Daria"]
[WhiteFideId "967629"]
[BlackFideId "4197453"]
[WhiteElo "2245"]
[BlackElo "2039"]
[Result "0-1"]
[Round "02"]
[TimeControl "180+1"]
[Date "2022.03.09"]
[WhiteClock "0:00:07"]
[BlackClock "0:00:06"]

1. d4 d5 2. c4 e6 3. Nf3 Nf6 4. g3 Be7 5. Bg2 O-O 6. O-O dxc4 7. Qc2 a6 8. a4 Bd7 9. Qxc4 Bc6 10. Nc3 Nbd7 11. Bg5 Nb6 12. Qd3 Nbd5 13. Bxf6 Bxf6 14. e3 Re8 15. Rfd1 Qe7 16. e4 Nb4 17. Qc4 a5 18. h4 g6 19. e5 Bg7 20. Qe2 Rad8 21. Rd2 Bh6 22. Re1 Bxd2 23. Nxd2 Bxg2 24. Kxg2 Nc2 25. Nde4 Nxe1+ 26. Qxe1 Rxd4 27. Qe3 Rxe4 28. Nxe4 Kg7 29. h5 Rd8 30. Nf6 b6 31. hxg6 fxg6 32. Qg5 Kh8 33. Qh6 Qg7 34. Qh3 Qe7 35. Qh4 c5 36. Qc4 Qb7+ 37. Kh2 Rd1 38. g4 Qh1+ 39. Kg3 Qg1+ 40. Kf3 Qh1+ 41. Ke3 Re1+ 42. Kd2 Rd1+ 43. Ke3 Qh3+ 44. f3 Re1+ 45. Kd2 Qf1 46. Qxf1 Rxf1 47. Ne4 Rxf3 48. Ng5 Rf4 49. Nxe6 Re4 50. Kd3 Rxe5 51. Nd8 Rd5+ 52. Kc4 Rxd8 53. Kb5 Rd6 54. b3 h5 55. g5 h4 56. b4 h3 57. bxa5 bxa5 58. Kxc5 Re6 59. Kd5 Ra6 60. Kc5 h2 61. Kb5 Re6 62. Kxa5 h1=Q 63. Kb5 Qf3 0-1


[Site "https://www.chess.com"]

[Event "Titled Tuesday Blitz March 08 Early 2022"]
[White "Piliczewski, Bogusz"]
[Black "Lewtak, Damian"]
[WhiteFideId "1104144"]
[BlackFideId "1141724"]
[WhiteElo "1896"]
[BlackElo "2362"]
[Result "0-1"]
[Round "02"]
[TimeControl "180+1"]
[Date "2022.03.09"]
[WhiteClock "0:00:01"]
[BlackClock "0:01:55"]

1. d4 d5 2. Nf3 c6 3. Bf4 Nf6 4. e3 Bf5 5. h3 h6 6. Bd3 e6 7. O-O Nbd7 8. Bxf5 exf5 9. Qd3 Ne4 10. Nfd2 g6 11. f3 Nxd2 12. Nxd2 Bg7 13. e4 fxe4 14. fxe4 O-O 15. exd5 cxd5 16. c3 Re8 17. Qf3 Nb6 18. Bxh6 Bxh6 19. Qxf7+ Kh8 20. Qxg6 Qg5 21. Qxg5 Bxg5 22. Nf3 Be3+ 23. Kh1 Nc4 24. Rab1 Nd2 25. Nxd2 Bxd2 26. Rf5 Re2 27. Rh5+ Kg7 28. Rxd5 Rae8 29. Rd7+ Kg6 30. Rxb7 Bf4 31. Rg1 Bg3 32. Rxa7 Re1 33. Ra6+ Kg7 34. Ra7+ Kg8 0-1


[Site "https://www.chess.com"]

[Event "Titled Tuesday Blitz March 08 Early 2022"]
[White "Plotnikov, Pavel"]
[Black "Kohler, Aran"]
[WhiteFideId "4170342"]
[BlackFideId "1002856"]
[WhiteElo "2298"]
[BlackElo "2275"]
[Result "1-0"]
[Round "02"]
[TimeControl "180+1"]
[Date "2022.03.09"]
[WhiteClock "0:02:07"]
[BlackClock "0:00:46"]

1. e4 c6 2. d4 d5 3. exd5 cxd5 4. Bd3 a6 5. c3 Nc6 6. Bf4 Nf6 7. h3 g6 8. g4 Bg7 9. Nd2 O-O 10. Ngf3 Qb6 11. Qb3 Qxb3 12. axb3 h6 13. b4 Be6 14. Ke2 Nd7 15. Nb3 f5 16. g5 h5 17. Rhe1 Rae8 18. Kd2 Bf7 19. Nc5 Nxc5 20. bxc5 Kh7 21. b4 Ra8 22. Ne5 Nxe5 23. Bxe5 Bxe5 24. Rxe5 e6 25. Ree1 Rfb8 26. Ke3 Kg7 27. Kf4 Kf8 28. Ke5 Ke7 29. Ra5 Rc8 30. Rea1 Rab8 31. b5 axb5 32. Rxb5 Be8 33. Rb6 Bc6 34. Ra7 Rd8 35. Rxc6 Ra8 36. Rxb7+ Rd7 37. Rxe6+ 1-0


[Site "https://www.chess.com"]

[Event "Titled Tuesday Blitz March 08 Early 2022"]
[White "Politov, Pavel Y."]
[Black "Dolzhykova, Kateryna"]
[WhiteFideId "24110515"]
[BlackFideId "14113414"]
[WhiteElo "2090"]
[BlackElo "2184"]
[Result "0-1"]
[Round "02"]
[TimeControl "180+1"]
[Date "2022.03.09"]
[WhiteClock "0:01:02"]
[BlackClock "0:02:05"]

1. e4 c5 2. Nf3 Nc6 3. d4 cxd4 4. Nxd4 Nf6 5. Nc3 e5 6. Ndb5 Bc5 7. Nd6+ Kf8 8. Nf5 d5 9. exd5 Bxf5 10. dxc6 Qb6 11. Qf3 Bg4 12. Qd3 Bxf2+ 13. Kd2 Rd8 0-1


[Site "https://www.chess.com"]

[Event "Titled Tuesday Blitz March 08 Early 2022"]
[White "Polster, Christian"]
[Black "Orlov, Georgi"]
[WhiteFideId "12965081"]
[BlackFideId "2011271"]
[WhiteElo "2287"]
[BlackElo "2537"]
[Result "0-1"]
[Round "02"]
[TimeControl "180+1"]
[Date "2022.03.09"]
[WhiteClock "0:00:01"]
[BlackClock "0:00:24"]

1. Nc3 d5 2. e4 e6 3. d4 Bb4 4. e5 c5 5. a3 Bxc3+ 6. bxc3 Ne7 7. Qg4 Qc7 8. Qxg7 Rg8 9. Qxh7 cxd4 10. Ne2 Nbc6 11. f4 Bd7 12. Qd3 dxc3 13. Nxc3 a6 14. h4 Rc8 15. Bd2 Nf5 16. Rh3 Na5 17. h5 Nc4 18. Rb1 Nxa3 19. Rb3 Nb5 20. h6 Nbd4 21. h7 Rh8 22. Rb2 Nc6 23. g4 Nfe7 24. Rh6 Na5 25. Qh3 Nc4 26. Bxc4 Qxc4 27. Qd3 Qc5 28. Ne2 Bb5 29. Qd4 Qc7 30. Be3 Qa5+ 31. Kf2 Nc6 32. Qb6 Qa1 33. Qxb7 Rb8 34. Qc7 Qxb2 35. Bc5 Qxc2 0-1


[Site "https://www.chess.com"]

[Event "Titled Tuesday Blitz March 08 Early 2022"]
[White "Poormosavi, Seyed Kian"]
[Black "Fier, Alexandr"]
[WhiteFideId "12585807"]
[BlackFideId "2107139"]
[WhiteElo "2129"]
[BlackElo "2571"]
[Result "0-1"]
[Round "02"]
[TimeControl "180+1"]
[Date "2022.03.09"]
[WhiteClock "0:00:19"]
[BlackClock "0:01:36"]

1. e4 Nf6 2. e5 Nd5 3. Nf3 d6 4. c4 Nb6 5. d4 g6 6. Nc3 Bg7 7. exd6 cxd6 8. b3 O-O 9. Be2 Nc6 10. O-O Bg4 11. Be3 d5 12. c5 Nc8 13. h3 Bxf3 14. Bxf3 e6 15. a3 N8e7 16. b4 Nf5 17. Ne2 Nh4 18. b5 Nxf3+ 19. gxf3 Ne7 20. Ng3 e5 21. f4 e4 22. h4 Rc8 23. h5 Qd7 24. Kg2 Qxb5 25. Rb1 Qd7 26. Qb3 Rc7 27. hxg6 fxg6 28. Nxe4 Kh8 29. Ng3 Qg4 30. Rh1 Nf5 31. Qxd5 Re7 32. Rb3 Rfe8 33. Rd1 Nh4+ 34. Kg1 Qxd1+ 0-1


[Site "https://www.chess.com"]

[Event "Titled Tuesday Blitz March 08 Early 2022"]
[White "Prohorov, Olexandr"]
[Black "Horobetz, Graham"]
[WhiteFideId "14105578"]
[BlackFideId "2047322"]
[WhiteElo "1993"]
[BlackElo "2642"]
[Result "0-1"]
[Round "02"]
[TimeControl "180+1"]
[Date "2022.03.09"]
[WhiteClock "0:00:03"]
[BlackClock "0:00:18"]

1. Nf3 c5 2. e4 d6 3. c3 Nf6 4. Be2 g6 5. O-O Bg7 6. Qc2 Nc6 7. d4 Bg4 8. Be3 cxd4 9. cxd4 O-O 10. Nc3 Rc8 11. Qb3 Na5 12. Qa3 a6 13. Rac1 Nc4 14. Bxc4 Rxc4 15. Nd2 Rc8 16. Qb3 b5 17. a4 Be6 18. d5 Bd7 19. h3 Rb8 20. axb5 axb5 21. Qb4 Ne8 22. Nb3 e6 23. Nd4 exd5 24. Nxd5 Nf6 25. Qxd6 Nxe4 26. Qf4 f5 27. Rfd1 g5 28. Qf3 Kh8 29. Nb4 Rc8 30. Ne6 Bxe6 31. Rxd8 Rcxd8 32. Nc6 Rd7 33. g3 Bd5 34. Qh5 f4 35. Bd4 Bxc6 36. Bxg7+ Rxg7 37. Rxc6 fxg3 38. fxg3 Rf1+ 39. Kg2 Rf2+ 40. Kg1 Rf1+ 41. Kg2 Rf2+ 42. Kh1 Rf8 43. Qd1 Nf2+ 44. Kg2 Nxd1 45. Rd6 Ne3+ 0-1


[Site "https://www.chess.com"]

[Event "Titled Tuesday Blitz March 08 Early 2022"]
[White "Proudian, Armen"]
[Black "Jones, Gawain C B"]
[WhiteFideId "2130734"]
[BlackFideId "409561"]
[WhiteElo "2380"]
[BlackElo "2657"]
[Result "1/2-1/2"]
[Round "02"]
[TimeControl "180+1"]
[Date "2022.03.08"]
[WhiteClock "0:00:15"]
[BlackClock "0:00:05"]

1. e4 e5 2. Nf3 Nc6 3. Bb5 g6 4. O-O Bg7 5. c3 a6 6. Ba4 d6 7. Re1 Nf6 8. h3 O-O 9. d4 b5 10. Bc2 Bb7 11. d5 Ne7 12. a4 c6 13. dxc6 Bxc6 14. Bg5 Qc7 15. Nbd2 d5 16. exd5 Nfxd5 17. Ne4 Nf5 18. axb5 axb5 19. Qe2 h6 20. Bd2 Kh8 21. Nc5 Qd6 22. b4 Nb6 23. Rxa8 Rxa8 24. Bxf5 gxf5 25. Nxe5 Qxe5 26. Qxe5 Bxe5 27. Rxe5 Nc4 28. Re2 Ra2 29. Nb3 Rb2 30. Nd4 Nxd2 31. Rxd2 Rxd2 32. Nxc6 Rd1+ 33. Kh2 Rd3 34. Nd4 Rxc3 35. Nxb5 Rd3 36. Nc7 Kg7 37. b5 Rb3 38. Ne8+ Kg6 39. Nd6 f4 40. h4 Kh5 41. g3 f6 42. Kg2 fxg3 43. fxg3 Kg4 44. Ne4 Rb2+ 45. Nf2+ Kf5 46. Kf3 Rb3+ 47. Kg2 Rxb5 48. Kf3 Rb3+ 49. Kg2 Ra3 50. Kh2 Ke5 51. Kg2 Kd4 52. Ng4 f5 53. Nxh6 Ke4 54. Nf7 Ra2+ 55. Kh3 Kf3 56. Ne5+ Kf2 57. Nd3+ Kg1 58. g4 Ra3 59. gxf5 Rxd3+ 60. Kg4 Kf2 61. f6 Rf3 62. Kg5 Ke3 63. h5 Ke4 64. h6 Ke5 65. h7 Rg3+ 66. Kh4 Rg1 67. f7 Rh1+ 68. Kg3 Rxh7 69. f8=Q Ke6 70. Qg8+ Rf7 71. Kg4 Ke7 72. Qg5+ Rf6 73. Qa5 Kf7 74. Kg5 Rg6+ 75. Kh5 Re6 76. Qd5 Kf6 77. Kg4 Re5 78. Qd6+ Re6 79. Qf8+ Ke5 80. Qf4+ Kd5 81. Qa4 Re4+ 82. Qxe4+ Kxe4 1/2-1/2


[Site "https://www.chess.com"]

[Event "Titled Tuesday Blitz March 08 Early 2022"]
[White "Ptacnikova, Lenka"]
[Black "Kashefi, Amir Hosein"]
[WhiteFideId "305650"]
[BlackFideId "12557935"]
[WhiteElo "1923"]
[BlackElo "2107"]
[Result "1-0"]
[Round "02"]
[TimeControl "180+1"]
[Date "2022.03.09"]
[WhiteClock "0:00:05"]
[BlackClock "0:00:02"]

1. c4 c6 2. Nf3 d5 3. e3 Nf6 4. b3 Bg4 5. Be2 e6 6. O-O Bd6 7. Bb2 Nbd7 8. cxd5 exd5 9. d3 O-O 10. h3 Bh5 11. Nd4 Bxe2 12. Qxe2 Re8 13. Nf5 Be5 14. Bxe5 Rxe5 15. Qf3 Qf8 16. Nc3 Rae8 17. Rfc1 g6 18. Ng3 h5 19. d4 R5e6 20. Nge2 Ne4 21. Nf4 Rf6 22. Nxe4 Rxe4 23. Qg3 Qh6 24. h4 Nf8 25. b4 a6 26. a4 Ne6 27. Nd3 Rg4 28. Qh3 Ng7 29. Ne5 Re4 30. b5 Nf5 31. Nf3 Rg4 32. bxa6 bxa6 33. Rab1 Kg7 34. Rb6 Nxe3 35. Ng5 Nf5 36. Rcxc6 Rxc6 37. Rxc6 Rxh4 38. Ne6+ 1-0


[Site "https://www.chess.com"]

[Event "Titled Tuesday Blitz March 08 Early 2022"]
[White "Qashashvili, Alexandre"]
[Black "Abarca Gonzalez, Nicolas"]
[WhiteFideId "13600842"]
[BlackFideId "3409422"]
[WhiteElo "2316"]
[BlackElo "2504"]
[Result "0-1"]
[Round "02"]
[TimeControl "180+1"]
[Date "2022.03.09"]
[WhiteClock "0:00:32"]
[BlackClock "0:01:19"]

1. e4 c5 2. Nc3 e6 3. Nf3 a6 4. d4 cxd4 5. Nxd4 Qc7 6. Be3 Nc6 7. Nxc6 bxc6 8. Bd3 d5 9. exd5 cxd5 10. O-O Nf6 11. Ne2 Bd6 12. h3 Bb7 13. c3 O-O 14. Qd2 e5 15. Bg5 Nd7 16. Bc2 Rfe8 17. Bb3 Nb6 18. Ng3 Nc4 19. Bxc4 Qxc4 20. Nf5 Bf8 21. Rad1 Qxa2 22. Rfe1 h6 23. Bxh6 gxh6 24. Nxh6+ Bxh6 25. Qxh6 Re6 26. Qg5+ Rg6 27. Qxe5 d4 28. Rxd4 Qxb2 29. Rg4 Qc2 30. Rh4 Rxg2+ 31. Kf1 Qxf2# 0-1


[Site "https://www.chess.com"]

[Event "Titled Tuesday Blitz March 08 Early 2022"]
[White "Roebers, Jan"]
[Black "Popadic, Dragan"]
[WhiteFideId "1007815"]
[BlackFideId "913650"]
[WhiteElo "2118"]
[BlackElo "2222"]
[Result "1/2-1/2"]
[Round "02"]
[TimeControl "180+1"]
[Date "2022.03.09"]
[WhiteClock "0:00:33"]
[BlackClock "0:00:33"]

1. e4 c5 2. d4 cxd4 3. c3 d3 4. c4 Nc6 5. Nc3 d6 6. Bxd3 Nf6 7. Nge2 g6 8. O-O Bg7 9. b3 O-O 10. Bb2 a6 11. Qd2 Bd7 12. Nd5 Nxd5 13. Bxg7 Kxg7 14. exd5 Ne5 15. f4 Nxd3 16. Qxd3 b5 17. Nd4 Qb6 18. Kh1 Kg8 19. f5 Rac8 20. Rae1 Rce8 21. cxb5 Bxb5 22. Nxb5 axb5 23. fxg6 hxg6 24. a4 bxa4 25. bxa4 Qa5 26. Re4 Ra8 27. Rh4 Kg7 28. Qd4+ f6 29. Re4 Ra7 30. Rfe1 Rf7 31. h3 Rb7 32. Qd3 Rc7 33. Kh2 Rc5 34. Rxe7 Rxd5 35. Qc4 Qc5 36. Rxf7+ Kxf7 37. Qb3 Kg7 38. Re7+ Kh6 39. Qg3 Qd4 40. Qe3+ Qxe3 41. Rxe3 Kg5 42. Ra3 Ra5 43. Kg3 Kf5 44. Kf3 Ke5 45. Ke3 d5 46. Kd3 d4 47. Ra1 Kd5 48. Ra2 Ke5 49. Ra1 Kd5 50. Ra2 f5 51. Ra1 Ke5 52. Ra2 Kd5 53. Ra1 Ke5 54. Ra2 Kd5 1/2-1/2


[Site "https://www.chess.com"]

[Event "Titled Tuesday Blitz March 08 Early 2022"]
[White "Romanchuk, Viktor"]
[Black "Kaganskiy, Gleb"]
[WhiteFideId "14109271"]
[BlackFideId "4132025"]
[WhiteElo "2242"]
[BlackElo "2165"]
[Result "0-1"]
[Round "02"]
[TimeControl "180+1"]
[Date "2022.03.09"]
[WhiteClock "0:00:36"]
[BlackClock "0:00:38"]

1. d4 Nf6 2. c4 e6 3. Nc3 Bb4 4. e3 c5 5. Ne2 cxd4 6. exd4 d5 7. a3 Bxc3+ 8. Nxc3 O-O 9. c5 Ne4 10. Nxe4 dxe4 11. Bf4 Nc6 12. Bd6 Re8 13. Bb5 Bd7 14. O-O Ne7 15. Bc4 Nf5 16. d5 Qg5 17. Qc1 e3 18. fxe3 Nxe3 19. Rf2 exd5 20. Bf4 Qe7 21. Ba2 Ng4 22. Rf3 Bc6 23. Rg3 Nf6 24. Bg5 Qe6 25. Re3 Ne4 26. Qf1 Qg6 27. Qf4 Nxg5 0-1


[Site "https://www.chess.com"]

[Event "Titled Tuesday Blitz March 08 Early 2022"]
[White "Rottenwohrer Suarez, Juan"]
[Black "Kadric, Denis"]
[WhiteFideId "32068182"]
[BlackFideId "14403803"]
[WhiteElo "2158"]
[BlackElo "2657"]
[Result "0-1"]
[Round "02"]
[TimeControl "180+1"]
[Date "2022.03.09"]
[WhiteClock "0:00:55"]
[BlackClock "0:01:43"]

1. d4 d6 2. Nf3 Nf6 3. g3 Nbd7 4. Bg2 e5 5. O-O e4 6. Ne1 d5 7. c4 c6 8. Nc3 Bb4 9. Bg5 Bxc3 10. bxc3 O-O 11. cxd5 cxd5 12. c4 h6 13. Bxf6 Nxf6 14. cxd5 Qxd5 15. Nc2 b6 16. a4 Bd7 17. Nb4 Qc4 18. Qd2 a5 19. Nc2 Bxa4 20. Ne3 Qb4 21. Qxb4 axb4 22. Rab1 b3 23. Nc4 Bb5 24. Nxb6 Rab8 25. Rxb3 Rxb6 26. Rfb1 Rfb8 27. e3 R6b7 28. h3 Kf8 29. g4 Bc6 30. Rxb7 Rxb7 31. Rxb7 Bxb7 32. Kh2 g5 33. Kg3 Ke7 34. h4 Ke6 35. hxg5 hxg5 36. Bf1 Nd5 37. Bc4 Kd6 38. Bb3 f6 39. Bc2 Nc3 40. Bb3 Bd5 41. Bc2 Kc6 42. Kg2 Kb5 0-1


[Site "https://www.chess.com"]

[Event "Titled Tuesday Blitz March 08 Early 2022"]
[White "Rozman, Levy"]
[Black "Janturin, Artur"]
[WhiteFideId "2039877"]
[BlackFideId "4130022"]
[WhiteElo "2376"]
[BlackElo "2344"]
[Result "1-0"]
[Round "02"]
[TimeControl "180+1"]
[Date "2022.03.09"]
[WhiteClock "0:01:27"]
[BlackClock "0:00:01"]

1. e4 e6 2. c4 d5 3. cxd5 exd5 4. Qb3 dxe4 5. Bc4 Qe7 6. Nc3 Nf6 7. d3 exd3+ 8. Kf1 Na6 9. Be3 d2 10. Nf3 Ng4 11. Bxd2 Nc5 12. Qc2 Be6 13. Nb5 O-O-O 14. h3 Nf6 15. Re1 Qd7 16. Nfd4 a6 17. Nxe6 fxe6 18. Na7+ Kb8 19. Be3 Kxa7 20. b4 Qc6 21. a4 Nd5 22. Bxc5+ Bxc5 23. bxc5 Qxc5 24. Qe4 Rhf8 25. f3 Rf4 26. Bxd5 Rxe4 27. Bxe4 1-0


[Site "https://www.chess.com"]

[Event "Titled Tuesday Blitz March 08 Early 2022"]
[White "Rudzinska, Michalina"]
[Black "Marson, Juan Miguel"]
[WhiteFideId "1172883"]
[BlackFideId "106585"]
[WhiteElo "1904"]
[BlackElo "2053"]
[Result "1-0"]
[Round "02"]
[TimeControl "180+1"]
[Date "2022.03.09"]
[WhiteClock "0:01:55"]
[BlackClock "0:00:58"]

1. e4 e5 2. Nf3 Nc6 3. Nc3 Nf6 4. a4 Bc5 5. Nxe5 Nxe5 6. d4 Bd6 7. dxe5 Bxe5 8. Nb5 a6 9. f4 axb5 10. fxe5 Nxe4 11. Qg4 d5 12. Qxg7 Qh4+ 13. g3 Nxg3 14. Qxh8+ Kd7 15. e6+ Kxe6 16. Qe8+ Kd6 17. hxg3 Qxh1 18. Bf4+ Kc5 19. Qxb5+ Kd4 20. Qb4# 1-0


[Site "https://www.chess.com"]

[Event "Titled Tuesday Blitz March 08 Early 2022"]
[White "Rustemov, Alexander"]
[Black "Gubanov, Oleg"]
[WhiteFideId "4119002"]
[BlackFideId "14115115"]
[WhiteElo "2782"]
[BlackElo "2080"]
[Result "1-0"]
[Round "02"]
[TimeControl "180+1"]
[Date "2022.03.09"]
[WhiteClock "0:01:11"]
[BlackClock "0:00:14"]

1. d4 b5 2. e4 Bb7 3. Bd3 Nf6 4. Qe2 c5 5. c3 cxd4 6. cxd4 Nc6 7. Be3 Nb4 8. f3 Nxd3+ 9. Qxd3 a6 10. Ne2 e6 11. O-O Be7 12. Nd2 O-O 13. Rfc1 Rc8 14. Nb3 d6 15. a3 Qd7 16. Na5 Ba8 17. b4 Rxc1+ 18. Rxc1 Rc8 19. Rc2 Bd8 20. Nb3 Bb6 21. Kf2 Bb7 22. Rxc8+ Qxc8 23. Qc3 Qc4 24. Nd2 Qxc3 25. Nxc3 Kf8 26. g4 h6 27. h4 Ke7 28. h5 Nd7 29. Nb3 f6 30. d5 Bxe3+ 31. Kxe3 Ne5 32. Nd4 exd5 33. Nf5+ Kd7 34. exd5 Nc4+ 35. Kd3 Nxa3 36. Nxg7 a5 37. bxa5 b4 38. Ne4 Bxd5 39. Nxf6+ Kc6 40. Nxd5 Kxd5 41. Nf5 Nb5 42. a6 Ke5 43. Nxh6 Kf4 44. Nf7 b3 45. h6 1-0


[Site "https://www.chess.com"]

[Event "Titled Tuesday Blitz March 08 Early 2022"]
[White "Sahil, Tickoo"]
[Black "Cori T., Deysi"]
[WhiteFideId "5019710"]
[BlackFideId "3801934"]
[WhiteElo "2099"]
[BlackElo "2341"]
[Result "1/2-1/2"]
[Round "02"]
[TimeControl "180+1"]
[Date "2022.03.09"]
[WhiteClock "0:00:06"]
[BlackClock "0:01:11"]

1. d4 Nf6 2. c4 g6 3. Nc3 Bg7 4. e4 d6 5. Nf3 O-O 6. Be2 Bg4 7. Be3 Nfd7 8. Rc1 c5 9. d5 a6 10. a4 b5 11. axb5 axb5 12. Nxb5 Bxb2 13. Rb1 Bg7 14. O-O Na6 15. Nd2 Bxe2 16. Qxe2 Nb4 17. Rfc1 Ra2 18. Qf1 Ne5 19. h3 Qd7 20. Nc3 Ra3 21. Nb5 Ra2 22. Nc3 Ra6 23. Nf3 Nxf3+ 24. gxf3 f5 25. Qg2 Nd3 26. Rc2 fxe4 27. Nxe4 Ne5 28. f4 Nf7 29. Ng5 Nxg5 30. fxg5 Qf5 31. Rcc1 Ra4 32. Qg4 Be5 33. Qxf5 Rxf5 34. Rb7 Kf7 35. Kg2 Bf4 36. Bxf4 Rxf4 37. Re1 Ra2 38. Rbxe7+ Kg8 39. Re8+ Kg7 40. R1e7+ Rf7 41. Rxf7+ Kxf7 42. Re6 Rc2 43. Rxd6 Rxc4 44. Rd7+ Ke8 45. Rxh7 Rd4 46. Rg7 Rxd5 47. h4 Rd6 48. Rc7 Rd4 49. Rxc5 Rxh4 50. Kg3 Rh1 51. Rc7 Kf8 52. f4 Rg1+ 53. Kf3 Rf1+ 54. Ke4 Re1+ 55. Kd5 Re3 56. Kd4 Re1 57. Rc6 Kf7 58. Rc7+ Ke6 59. Rc6+ Kf7 60. Rf6+ Kg7 61. Kd5 Re3 62. Kd6 Re4 63. Kd7 Rd4+ 64. Ke6 Re4+ 65. Kd5 Ra4 66. Ke5 Ra5+ 67. Ke4 Ra4+ 68. Kf3 Ra3+ 69. Kg4 Ra1 70. Rd6 Rg1+ 71. Kf3 Rf1+ 72. Ke4 Re1+ 73. Kd5 Rf1 74. Ke5 Re1+ 75. Kd5 Rf1 76. Ke5 Re1+ 77. Kd5 1/2-1/2


[Site "https://www.chess.com"]

[Event "Titled Tuesday Blitz March 08 Early 2022"]
[White "Sanal, Vahap"]
[Black "Artemenko, Oleg"]
[WhiteFideId "6300545"]
[BlackFideId "14201798"]
[WhiteElo "2603"]
[BlackElo "2287"]
[Result "1-0"]
[Round "02"]
[TimeControl "180+1"]
[Date "2022.03.08"]
[WhiteClock "0:00:06"]
[BlackClock "0:00:00"]

1. e4 e6 2. d4 d5 3. Nd2 c5 4. exd5 Qxd5 5. Ngf3 cxd4 6. Bc4 Qd7 7. O-O Nc6 8. Qe2 Nf6 9. Nb3 Bd6 10. Rd1 O-O 11. Nbxd4 Nxd4 12. Rxd4 Qc7 13. Bg5 e5 14. Rh4 Bf5 15. Bxf6 gxf6 16. Bd3 Bg6 17. Rc4 Qb6 18. b3 Rad8 19. Nh4 Rfe8 20. Be4 Bc5 21. Rf1 Rd4 22. Nf5 Rxc4 23. Qxc4 Rd8 24. Qe2 Qb4 25. Qf3 Qd2 26. g3 b5 27. h4 h5 28. Kg2 Kh7 29. Bd3 b4 30. Rd1 Qc3 31. Rh1 Bb6 32. Rf1 Qd2 33. Ne7 Kg7 34. Nxg6 fxg6 35. Qe4 f5 36. Qxe5+ Kh6 37. Qf6 Kh7 38. Qf7+ Kh6 39. Qe6 Kh7 40. Qe7+ Kh6 41. Qe1 Qxe1 42. Rxe1 Kg7 43. Re6 Kf7 44. Bc4 Kg7 45. Re2 Kf6 46. Re6+ Kg7 47. Bd3 Kf7 48. Rc6 Rd7 49. Bc4+ 1-0


[Site "https://www.chess.com"]

[Event "Titled Tuesday Blitz March 08 Early 2022"]
[White "Sanchez, Robert"]
[Black "Samant Aditya S"]
[WhiteFideId "2034360"]
[BlackFideId "35080580"]
[WhiteElo "2259"]
[BlackElo "1916"]
[Result "0-1"]
[Round "02"]
[TimeControl "180+1"]
[Date "2022.03.09"]
[WhiteClock "0:02:36"]
[BlackClock "0:02:34"]

1. e4 c5 2. Nf3 d6 3. d4 cxd4 4. Nxd4 Nf6 5. Nc3 Nc6 6. f3 e5 7. Nb3 Be7 8. Be3 O-O 9. Qd2 a5 10. Bb5 Na7 11. Bxa7 Rxa7 12. O-O-O Be6 13. g4 Nxg4 14. fxg4 Bg5 0-1


[Site "https://www.chess.com"]

[Event "Titled Tuesday Blitz March 08 Early 2022"]
[White "Sargissyan, Sargis"]
[Black "Sailer, Mike"]
[WhiteFideId "13303210"]
[BlackFideId "2012901"]
[WhiteElo "2174"]
[BlackElo "2109"]
[Result "1-0"]
[Round "02"]
[TimeControl "180+1"]
[Date "2022.03.09"]
[WhiteClock "0:00:07"]
[BlackClock "0:00:01"]

1. e4 d5 2. exd5 Qxd5 3. Nc3 Qd6 4. d4 Nf6 5. Nf3 c6 6. Ne5 Nbd7 7. Nc4 Qc7 8. Qf3 Nb6 9. Bf4 Qd8 10. O-O-O Bg4 11. Qg3 Bxd1 12. Nxd1 Nh5 13. Qf3 Nxf4 14. Qxf4 Nxc4 15. Bxc4 e6 16. Re1 Be7 17. Ne3 Bg5 18. Qe4 Bxe3+ 19. Rxe3 Qd7 20. Ra3 a6 21. Qe5 O-O 22. Rg3 g6 23. Rh3 Rad8 24. c3 Rfe8 25. Qe3 f6 26. Qe4 Re7 27. Re3 Rde8 28. Qh4 Qd6 29. Qxf6 b5 30. Bb3 a5 31. a3 b4 32. axb4 axb4 33. f3 bxc3 34. bxc3 c5 35. Qe5 Qxe5 36. Rxe5 cxd4 37. cxd4 Kf7 38. Kd2 Kf6 39. f4 Rd8 40. Ke3 Rd6 41. g4 1-0


[Site "https://www.chess.com"]

[Event "Titled Tuesday Blitz March 08 Early 2022"]
[White "Sarkar, Justin"]
[Black "Krysa, Leandro"]
[WhiteFideId "2010011"]
[BlackFideId "116807"]
[WhiteElo "2038"]
[BlackElo "2490"]
[Result "1-0"]
[Round "02"]
[TimeControl "180+1"]
[Date "2022.03.09"]
[WhiteClock "0:00:07"]
[BlackClock "0:00:17"]

1. e4 e5 2. Nc3 Nf6 3. Bc4 Nc6 4. Nf3 Nxe4 5. O-O Nxc3 6. dxc3 Be7 7. Qd5 O-O 8. Nxe5 Nxe5 9. Qxe5 Bf6 10. Qg3 d5 11. Bd3 c6 12. Bf4 Re8 13. Bc7 Qe7 14. Bd6 Qe6 15. f3 Be7 16. Rfe1 Qd7 17. Rxe7 Rxe7 18. Qh4 Re4 19. fxe4 Qxd6 20. e5 Qc5+ 21. Kh1 h6 22. Qd8+ Qf8 23. Bh7+ Kxh7 24. Qxf8 b6 25. Rf1 Bb7 26. Qxf7 Ba6 27. Re1 Bc4 28. e6 d4 29. cxd4 Rd8 30. Qf5+ Kh8 31. e7 Re8 32. Qf8+ 1-0


[Site "https://www.chess.com"]

[Event "Titled Tuesday Blitz March 08 Early 2022"]
[White "Seemann, Jakub"]
[Black "Samunenkov, Ihor"]
[WhiteFideId "21874697"]
[BlackFideId "14187086"]
[WhiteElo "2003"]
[BlackElo "2409"]
[Result "1/2-1/2"]
[Round "02"]
[TimeControl "180+1"]
[Date "2022.03.09"]
[WhiteClock "0:00:05"]
[BlackClock "0:00:03"]

1. e4 c5 2. Nf3 Nc6 3. d4 cxd4 4. Nxd4 g6 5. c4 Nf6 6. Be3 Nxe4 7. Bd3 d5 8. O-O Bg7 9. cxd5 Qxd5 10. Nb5 Be5 11. f4 Bb8 12. N1c3 Nxc3 13. Nxc3 Qd8 14. Qe2 O-O 15. Rad1 Qa5 16. Bc4 a6 17. Nd5 Ba7 18. Nxe7+ Nxe7 19. Bxa7 Rxa7 20. Qxe7 Bf5 21. Kh1 Qb6 22. Rd6 Qxb2 23. Rf6 b5 24. Qxa7 Qxf6 25. Bb3 Be4 26. Qe3 Qc6 27. Qg3 a5 28. a3 a4 29. Ba2 Qc5 30. h4 h5 31. f5 Bxf5 32. Re1 Kg7 33. Re5 Qd4 34. Rxf5 Qa1+ 35. Kh2 Qxa2 36. Rxb5 Qe6 37. Qc3+ Kg8 38. Rb4 Qe7 39. Qd4 Rd8 40. Qf4 Qd7 41. Rxa4 Qe6 42. Rb4 Re8 43. Qg3 Qa6 44. Rb3 Re4 45. Rf3 Qe6 46. Qf2 Qe7 47. Qf1 Rxh4+ 48. Kg1 Qc5+ 49. Qf2 Qc1+ 50. Qf1 Qg5 51. Rxf7 Qc5+ 52. Rf2 Rf4 53. g3 Rf8 54. Kg2 Qc6+ 55. Kg1 Qc5 56. Kg2 Qd5+ 57. Kg1 Qd4 58. Kg2 Qe4+ 59. Kh2 Rxf2+ 60. Qxf2 Qe5 61. Qf3 Qa5 62. Qb3+ Kg7 63. Qb4 Qf5 64. a4 Qf2+ 65. Kh3 Qf1+ 66. Kh4 Qf6+ 67. Kh3 Qf1+ 68. Kh4 Qf6+ 69. Kh3 Qf1+ 1/2-1/2


[Site "https://www.chess.com"]

[Event "Titled Tuesday Blitz March 08 Early 2022"]
[White "Seo, Jung Min"]
[Black "Ismayil, Malak"]
[WhiteFideId "1734687"]
[BlackFideId "13412604"]
[WhiteElo "2401"]
[BlackElo "1879"]
[Result "1-0"]
[Round "02"]
[TimeControl "180+1"]
[Date "2022.03.09"]
[WhiteClock "0:02:01"]
[BlackClock "0:00:12"]

1. e4 e5 2. Nf3 Nc6 3. Bb5 a6 4. Ba4 Nf6 5. O-O b5 6. Bb3 Be7 7. d3 O-O 8. Re1 d6 9. a3 h6 10. Nc3 Re8 11. h3 Bf8 12. Nd5 Bd7 13. Bd2 Nxd5 14. Bxd5 g6 15. a4 Bg7 16. c3 Rb8 17. axb5 axb5 18. Qb3 Rf8 19. Qc2 Ne7 20. Ba2 Kh7 21. d4 Qc8 22. Be3 f5 23. dxe5 dxe5 24. Bc5 Nc6 25. Bxf8 Qxf8 26. Rad1 Rd8 27. Bd5 f4 28. Qb3 Na5 29. Qa2 Nc6 30. Be6 Ra8 31. Qd5 Be8 32. Bd7 Bxd7 33. Qxd7 Qc5 34. Qxc7 Ra7 35. Qd6 Qc4 36. Qd5 Na5 37. Nxe5 1-0


[Site "https://www.chess.com"]